 Dungeon Crawl Stone Soup version 0.27-a0-869-g165b36e3f0 (webtiles) character file.

Game seed: 5053511411745652263

2691 polve the Cleaver (level 9, -9/82 HPs)
             Began as a Hill Orc Berserker on Apr 2, 2021.
             Was an Elder of Trog.
             Killed from afar by an electric eel (13 damage)
             ... with a bolt of electricity
             ... on level 6 of the Dungeon.
             The game lasted 00:06:18 (7754 turns).

polve the Cleaver (Hill Orc Berserker)              Turns: 7754, Time: 00:06:19

Health: -9/82      AC:  7    Str: 20    XL:     9   Next: 65%
Magic:  9/9        EV: 12    Int:  7    God:    Trog [****..]
Gold:   139        SH:  0    Dex: 13    Spells: 8/8 levels left

rFire    + . .     SeeInvis .   b - +1 hand axe (vorpal)
rCold    . . .     Faith    .   (no shield)
rNeg     . . .     Spirit   .   u - +2 leather armour {rPois}
rPois    +         Reflect  .   (no helmet)
rElec    .         Harm     .   (no cloak)
rCorr    .         Rampage  .   o - +0 pair of gloves
Will     .....                  (no boots)
Stlth    +.........             i - amulet of the acrobat
HPRegen  0.23/turn              e - ring of protection from fire
MPRegen  0.11/turn              (no ring)

@: berserk cooldown, slowed, studying Fighting, very slow
A: no striking features
a: Renounce Religion, Berserk, Trog's Hand, Brothers in Arms


You were on level 6 of the Dungeon.
You worshipped Trog.
Trog was greatly pleased with you.
You visited 1 branch of the dungeon, and saw 6 of its levels.

You collected 139 gold pieces.

Inventory:

Hand Weapons
 b - a +1 vorpal hand axe (weapon)
Missiles
 k - a throwing net
 q - 2 boomerangs of dispersal
Armour
 o - a +0 pair of gloves (worn)
 s - a +0 chain mail
 u - a +2 leather armour of poison resistance (worn)
Jewellery
 e - a ring of protection from fire (left hand)
 i - an amulet of the acrobat (around neck)
 z - an amulet of guardian spirit
Wands
 j - a wand of random effects (18)
 t - a wand of polymorph (4)
Scrolls
 a - 5 scrolls of teleportation
 h - 5 scrolls of identify {unknown}
 l - 2 scrolls of immolation {unknown}
 p - a scroll of enchant weapon {unknown}
 r - a scroll of fog {unknown}
 w - a scroll of silence {unknown}
 x - a scroll of noise {unknown}
 y - a scroll of vulnerability {unknown}
Potions
 c - 3 potions of heal wounds {unknown}
 d - a potion of lignification {unknown}
 f - 3 potions of curing {unknown}
 g - a potion of cancellation {unknown}
 m - 2 potions of brilliance {unknown}
 n - a potion of berserk rage {unknown}
 v - 3 potions of might {unknown}


   Skills:
 + Level 8.8 Fighting
 + Level 12.0 Axes
 + Level 6.6 Armour
 + Level 3.6 Dodging


You had 8 spell levels left.
You didn't know any spells.
Your spell library was empty.

Dungeon Overview and Level Annotations

Branches:
Dungeon (6/15)
 Temple: D:4-7

Altars:
Cheibriados
Okawaru
Sif Muna
Vehumet
The Shining One

Portals:
Abyss: D:3

Annotations:
D:5 Blork the orc


Message History

You are no longer berserk.
You are exhausted.
You feel yourself slow down.
A nearby plant withers and dies.
The electric eel shoots out a bolt of lightning at you!
The bolt of electricity hits you.
The bolt of electricity hits the plant!
The plant begins to die.
The electric eel shoots out a bolt of lightning at you!
The bolt of electricity hits you!
The bolt of electricity hits the plant!
You miss the electric eel. You hit the plant.
The electric eel shoots out a bolt of lightning at you!
The bolt of electricity hits you! The bolt of electricity misses you.
The electric eel shoots out a bolt of lightning at you!
The bolt of electricity hits you!
The bolt of electricity hits the plant!
You closely miss the electric eel. You hit the plant.
You miss the electric eel. You hit the plant.
The electric eel shoots out a bolt of lightning at you!
The bolt of electricity hits you!
The bolt of electricity hits the plant!
The electric eel shoots out a bolt of lightning at you!
The bolt of electricity misses you.
The bolt of electricity hits the plant.
You hit the electric eel.
The electric eel is lightly wounded.
You hit the plant.
A nearby plant withers and dies.
The electric eel shoots out a bolt of lightning at you!
The bolt of electricity hits you!
You slash the electric eel!
The electric eel is almost dead.
The electric eel shoots out a bolt of lightning at you!
The bolt of electricity misses you. The bolt of electricity hits you!
* * * LOW HITPOINT WARNING * * *
The electric eel shoots out a bolt of lightning at you!
The bolt of electricity hits you!
* * * LOW HITPOINT WARNING * * *
The electric eel shoots out a bolt of lightning at you!
The bolt of electricity hits you!
* * * LOW HITPOINT WARNING * * *
You miss the electric eel.
The electric eel is almost dead.
The electric eel shoots out a bolt of lightning at you!
The bolt of electricity hits you!
You die...

...(.# ... .....# ..#
####### .....# ..###≈≈≈..###
.....# .##≈####..)#####
....### .#.##..'##≈≈≈..#
......# .#.#.....#####..#
.....:# #.#.#.....# #
###...# #.#≈#.≈.≈P#
#...####.#≈#?;@.≈#.....#
#........#≈#.≈$."#P..P≈####
###.....)#†#≈≈.;;#[P≈P[#.(#
#......#≈##≈≈≈##)≈..≈#..#
#......##≈######≈≈(≈≈#..#
#.......##....≈##≈;;##..#
#........######≈#####...##
#........#..##.###≈≈..'.<..#
#.########.>...# ######.##.#


You could see 3 electric eels.

Vanquished Creatures
  A gargoyle (D:6)
  Grinder (D:5)
  The ghost of stringoo the Sneak, an amateur OpBr (D:3)
  Eustachio (D:5)
  Menkaure (D:6)
  A black bear (D:4)
  A sky beast (D:6)
  3 ogres
  A phantom (D:5)
  A kobold brigand (D:3)
  A bullfrog (D:6)
  A scorpion (D:5)
  2 wyvern skeletons (D:6)
  3 wights (D:6)
  3 howler monkeys
  2 centaur zombies
  2 bullfrog skeletons (D:5)
  3 hounds
  2 jellies (D:6)
  5 orc priests
  An iguana (D:5)
  A killer bee zombie (D:6)
  A small abomination (D:3)
  A hound skeleton (D:4)
  4 gnolls (D:2)
  5 adders
  A shadow imp (D:3)
  2 white imps
  2 ufetubi
  An adder zombie (D:5)
  An adder skeleton (D:4)
  3 worms
  6 dart slugs
  18 orcs
  4 endoplasms
  9 goblins
  4 hobgoblins
  3 jackals
  6 quokkas
  6 ball pythons
  7 bats
  4 frilled lizards
  8 kobolds
  7 rats
141 creatures vanquished.

Vanquished Creatures (others)
  7 plants
7 creatures vanquished.

Grand Total: 148 creatures vanquished

Notes
Turn   | Place    | Note
-------+----------+-------------------------------------------
     0 | D:1      | polve the Hill Orc Berserker began the quest for the Orb.
     0 | D:1      | Reached XP level 1. HP: 19/19 MP: 1/1
   240 | D:1      | Reached XP level 2. HP: 24/27 MP: 2/2
  1002 | D:1      | Reached XP level 3. HP: 29/33 MP: 3/3
  1673 | D:2      | Reached ** piety under Trog
  1708 | D:2      | Reached skill level 5 in Axes
  2238 | D:2      | Reached XP level 4. HP: 41/41 MP: 4/4
  2939 | D:3      | Reached skill level 6 in Axes
  2954 | D:3      | Reached XP level 5. HP: 41/47 MP: 5/5
  3139 | D:3      | Found a transporter.
  3150 | D:3      | Found a transporter.
  3153 | D:3      | Found a one-way gate to the infinite horrors of the Abyss.
  3153 | D:3      | Noticed stringoo's ghost (amateur OpBr)
  3153 | D:3      | Noticed a kobold brigand
  3163 | D:3      | Reached skill level 5 in Fighting
  3167 | D:3      | Killed stringoo's ghost
  3168 | D:3      | Reached skill level 7 in Axes
  3168 | D:3      | Reached XP level 6. HP: 54/56 MP: 6/6
  3372 | D:3      | Reached XP level 7. HP: 61/61 MP: 7/7
  3433 | D:3      | Reached skill level 8 in Axes
  3435 | D:3      | Reached *** piety under Trog
  3883 | D:3      | Found a radiant altar of Vehumet.
  3883 | D:3      | Found an iron altar of Okawaru.
  3989 | D:3      | Found a faded altar of an unknown god.
  4626 | D:4      | Found a glowing golden altar of the Shining One.
  4869 | D:4      | Reached skill level 9 in Axes
  4982 | D:4      | Reached XP level 8. HP: 67/70 MP: 8/8
  5466 | D:5      | Entered Level 5 of the Dungeon
  5466 | D:5      | Noticed Grinder
  5468 | D:5      | Paralysed by Grinder for 4 turns
  5534 | D:5      | Paralysed by Grinder for 4 turns
  5546 | D:5      | Killed Grinder
  5547 | D:5      | Reached skill level 5 in Armour
  5660 | D:5      | Noticed Blork the orc
  5667 | D:5      | Found a shimmering blue altar of Sif Muna.
  5720 | D:5      | Noticed Eustachio
  5733 | D:5      | Killed Eustachio
  5810 | D:5      | Reached skill level 10 in Axes
  6377 | D:5      | Found a snail-covered altar of Cheibriados.
  6499 | D:5      | Reached XP level 9. HP: 79/79 MP: 9/9
  7094 | D:6      | Reached skill level 11 in Axes
  7328 | D:6      | Noticed Menkaure
  7334 | D:6      | Killed Menkaure
  7339 | D:6      | Reached **** piety under Trog
  7689 | D:6      | Noticed a gargoyle
  7702 | D:6      | Killed a gargoyle
  7703 | D:6      | Reached skill level 12 in Axes
  7753 | D:6      | HP: 4/82 [electric eel/bolt of electricity (8)]
  7754 | D:6      | Killed from afar by an electric eel

Illustrated notes

Levels and vault maps discovered:
D:1:      ncdulo_watergridlock, layout_basic
D:2:      layout_loops_ring, serial_rivers, chequers_serial_rivers_room_a,
          chequers_serial_rivers_micro_c, chequers_serial_rivers_room_a,
          chequers_serial_rivers_small_a, chequers_serial_rivers_micro_a,
          st_stairs_8, chequers_serial_rivers_small_b,
          hangedman_abyss_or_decor_lesser_grid
D:3:      layout_basic, gammafunk_temple_overflow_wave,
          chequers_ecumenical_altar_lobes, gammafunk_ghost_abyssal_escape
D:4:      layout_loops_corners, nicolae_overflow_crystal_walls,
          grunt_decor_fettered
D:5:      layout_basic, tgw_sif, kennysheep_little_box, minmay_misc_feat_cross,
          chequers_garden, minmay_manual_mandibuliform, uniq_eustachio,
          uniq_grinder
D:6:      cheibrodos_two_vegetables, layout_basic,
          nicolae_qazlal_style_of_elements, minmay_temple_entry_stoned_glass,
          lemuel_flamethrower_1, uniq_crazy_yiuf_cottage, uniq_menkaure,
          uniq_sigmund

Skill      XL: |  1  2  3  4  5  6  7  8  9 |
---------------+----------------------------+-----
Fighting       | 4 5 6 7 8 |  8.8
Axes           | 5 6 7 9 10 12 | 12.0
Dodging        | 2 3 |  3.6
Armour         | 3 4 6 |  6.6

Action                   |  1- 3 |  4- 6 |  7- 9 || total
-------------------------+-------+-------+-------++-------
Melee: Hand axe          |   114 |    80 |   314 ||   508
Invok: Berserk           |     1 |     3 |     9 ||    13
 Stab: Sleeping          |     3 |       |       ||     3
Armor: Animal skin       |     7 |     3 |       ||    10
       Ring mail         |       |     8 |     8 ||    16
       Chain mail        |       |       |    61 ||    61
       Leather armour    |       |       |    32 ||    32
Dodge: Dodged            |    59 |    59 |   157 ||   275

Table legend: (Time is in decaauts)
 A = Elapsed time spent in this place.
 B = Non-inter-level travel time spent in this place.
 C = Inter-level travel time spent in this place.
 D = Time resting spent in this place.
 E = Time spent auto-exploring this place.
 F = Levels seen in this place.
 G = Mean time per level.
                   A        B        C        D        E       F      G
               +--------+--------+--------+--------+--------+-----+--------+
         Total |   7826 |   7608 |    218 |    124 |   6477 |   6 | 1304.3 |
       Dungeon |   7826 |   7608 |    218 |    124 |   6477 |   6 | 1304.3 |
               +--------+--------+--------+--------+--------+-----+--------+

Top non-repeatable levels by time:
     D:2: 1548 daAuts
     D:5: 1475 daAuts
     D:1: 1414 daAuts
     D:3: 1317 daAuts
     D:4: 1302 daAuts
     D:6: 768 daAuts
